AoeStats
← mbettis243

Arena

510408306Analyzed
4v4 RM · 2d ago on Sep 30, 2026· 48m 27s· 8 players
Game mode
Random Map
Map size
Large (8 player)
Population
200
Speed
Normal
Resources
Standard
Victory
Conquest
Starting age
Dark Age
Ending age
Imperial Age
RankedLock teamsTeams togetherTeam positionsShared explorationLock speedFull tech treeHidden civsTurbo modeCheats
Victory
Defeat
🇨🇱 Goths · Chile
1039
+13
🇺🇸 Persians · United States
969
+16
🇺🇸 Bulgarians · United States
935
+18
🇨🇱 Bohemians · Chile
932
+18
🇦🇷 Lithuanians · Argentina
1038
-19
🇦🇷 Bohemians · Argentina
1006
-18
🇦🇷 Japanese · Argentina
928
-14
🇦🇷 Khmer · Argentina
922
-14
CL.Maberick
0:27 Loom
12:22 Feudal Age
17:14 Castle Age
15:31 Double-Bit Axe
15:46 Horse Collar
16:45 Stone Mining
17:03 Gold Mining
18:52 Squires
18:12 Pikeman
21:06 Stone Shaft Mining
20:43 Bow Saw
25:04 Scale Mail Armor
27:32 Anarchy
28:04 Heavy Plow
29:14 Forging
30:37 Wheelbarrow
36:49 Imperial Age
34:37 Hand Cart
34:41 Chain Mail Armor
35:01 Iron Casting
36:28 Town Watch
37:10 Man-at-Arms
39:09 Two-Man Saw
39:11 Blast Furnace
38:43 Crop Rotation
38:19 Town Patrol
37:46 Long Swordsman
38:53 Conscription
38:21 Two-Handed Swordsman
40:16 Perfusion
40:51 Champion
45:41 Elite Huskarl
CL.CKrugger
10:29 Feudal Age
11:08 Double-Bit Axe
16:43 Castle Age
14:50 Horse Collar
18:10 Fletching
21:35 Wheelbarrow
26:45 Forging
30:24 Imperial Age
29:39 Chemistry
32:00 Pikeman
34:20 Loom
36:32 Conscription
36:56 Ballistics
36:29 Light Cavalry
37:42 Husbandry
40:16 Iron Casting
39:44 Elite Hussite Wagon
43:47 Scale Barding Armor
44:42 Blast Furnace
Fuzzytongue
10:03 Feudal Age
11:30 Horse Collar
11:37 Double-Bit Axe
12:37 Loom
15:19 Castle Age
16:09 Bow Saw
16:13 Heavy Plow
19:08 Wheelbarrow
21:09 Gold Mining
23:17 Forging
23:13 Scale Barding Armor
24:03 Husbandry
24:14 Bloodlines
27:17 Iron Casting
28:00 Chain Barding Armor
29:24 Gold Shaft Mining
29:51 Hand Cart
33:27 Imperial Age
32:25 Pikeman
33:06 Squires
33:02 Arson
33:03 Cavalier
33:40 Town Watch
34:52 Savar
37:03 Blast Furnace
36:51 Plate Barding Armor
38:18 Halberdier
42:17 Caravan
47:04 Town Patrol
mbettis243
11:09 Feudal Age
11:56 Double-Bit Axe
11:54 Horse Collar
13:14 Stone Mining
18:23 Castle Age
16:47 Loom
17:43 Gold Mining
18:26 Fletching
19:09 Bodkin Arrow
24:45 Pikeman
27:01 Gambesons
28:01 Squires
29:37 Ballistics
32:52 Town Watch
33:33 Husbandry
35:27 Bloodlines
39:16 Wheelbarrow
39:53 Scale Barding Armor
39:59 Forging
41:10 Murder Holes
47:11 Imperial Age
45:08 Masonry
45:22 Chain Barding Armor
45:37 Iron Casting
45:39 Stirrups
46:01 Scale Mail Armor
45:50 Arson
46:39 Bow Saw
47:15 Chain Mail Armor
47:22 Hand Cart
47:58 Caravan
48:30 Coinage
golden229269
2:44 Loom
12:09 Feudal Age
18:08 Castle Age
17:17 Double-Bit Axe
17:24 Horse Collar
18:49 Heavy Plow
19:30 Bow Saw
21:33 Wheelbarrow
24:51 Gold Mining
28:08 Hand Cart
28:18 Town Watch
29:34 Gold Shaft Mining
29:46 Town Patrol
32:38 Forging
32:29 Scale Mail Armor
33:09 Ballistics
37:32 Imperial Age
36:45 Iron Casting
36:26 Chain Mail Armor
37:49 Arson
38:05 Squires
39:18 Onager
39:20 Elite Samurai
40:22 Conscription
46:47 Blast Furnace
46:17 Plate Mail Armor
Sergio A. Gamarra
12:40 Feudal Age
15:21 Castle Age
13:27 Stone Mining
26:41 Pikeman
40:19 Double-Bit Axe
40:24 Horse Collar
41:52 Tusk Swords
Vagorr_
10:45 Feudal Age
16:18 Castle Age
18:50 Double-Bit Axe
18:51 Horse Collar
23:08 Bow Saw
30:38 Heavy Plow
39:54 Bow Saw
ElAguuz
11:27 Feudal Age
15:14 Castle Age
13:32 Double-Bit Axe
15:17 Bloodlines
16:13 Horse Collar
21:16 Heavy Plow
21:38 Scale Barding Armor
21:44 Forging
25:08 Chain Barding Armor
28:40 Iron Casting
28:34 Loom
29:19 Town Watch
30:10 Wheelbarrow
30:13 Bow Saw
32:51 Imperial Age
33:32 Scale Mail Armor
34:09 Plate Barding Armor
35:06 Town Patrol
35:21 Hand Cart
34:36 Pikeman
35:27 Cavalier
36:08 Husbandry
39:51 Paladin
40:55 Halberdier
41:52 Chain Mail Armor
43:47 Tower Shields
44:11 Conscription
44:10 Padded Archer Armor
47:04 Squires
46:49 Arson
Connection lost

Rejoining the realm…

Still unreachable

The connection could not be restored.

Session expired

The server has moved on; the page needs a fresh start.